 Dungeon Crawl Stone Soup version 0.30-a0-219-gf2db51d15e (webtiles) character file.

Game seed: 17982944622096861283

8890 Flugkiller the Nimble (level 11, -1/69 HPs)
             Began as an Octopode Delver on Oct 7, 2022.
             Was an Elder of Hepliaklqana.
             Slain by a vampire mosquito (5 damage)
             ... on level 9 of the Dungeon.
             The game lasted 00:16:33 (10551 turns).

Flugkiller the Nimble (Octopode Delver)            Turns: 10551, Time: 00:16:34

Health: -1/69      AC:  2    Str: 12    XL:     11   Next: 37%
Magic:  0/14       EV: 20    Int: 18    God:    Hepliaklqana [****..]
Gold:   621        SH:  0    Dex: 18    Spells: 10/10 levels left

rFire   . . .      SeeInvis .    c - +4 long sword
rCold   + . .      Faith    .    (no shield)
rNeg    . . .      Spirit   +    k - +1 hat
rPois   .          Reflect  .    x - amulet of guardian spirit
rElec   .          Harm     .    p - ring of protection from cold
rCorr   .          Rampage  .    B - +6 ring of intelligence
Will    .....                    (no ring)
Stlth   +++++.....               (no ring)
HPRegen 0.31/turn                (no ring)
MPRegen 0.14/turn                (no ring)
                                 (no ring)
                                 (no ring)

@: hasted, very quick
A: reduced essence, almost no armour, amphibious, 8 rings, camouflage 1,
gelatinous body 1, (nimble swimmer 1), tentacles
a: Renounce Religion, Recall Ancestor, Ancestor Identity, Transference, Idealise


You were on level 9 of the Dungeon.
You worshipped Hepliaklqana.
Hepliaklqana was greatly pleased with you.
You visited 2 branches of the dungeon, and saw 10 of its levels.

You collected 621 gold pieces.

Inventory:

Hand Weapons
 a - a +0 short sword
 c - a +4 long sword (weapon)
   (You took it off a wight on level 6 of the Dungeon)
 i - a +0 dagger
   (You took it off a goblin on level 1 of the Dungeon)
 v - a +0 great sword
   (You took it off a wight on level 6 of the Dungeon)
 w - a +1 long sword of freezing
   (You took it off a wight on level 6 of the Dungeon)
Missiles
 H - a curare-tipped dart (quivered)
Armour
 k - a +1 hat (worn)
   (You found it on level 4 of the Dungeon)
Jewellery
 p - a ring of protection from cold (left tentacle)
   (You found it on level 3 of the Dungeon)
 x - an amulet of guardian spirit (around mantle)
   (You took it off a kobold brigand on level 8 of the Dungeon)
 B - a +6 ring of intelligence (right tentacle)
   (You took it off an orc priest on level 9 of the Dungeon)
Wands
 f - a wand of digging (3)
 y - a wand of mindburst (2)
   (You found it on level 8 of the Dungeon)
 A - a wand of iceblast (2)
   (You took it off an orc priest on level 9 of the Dungeon)
 D - a wand of light (6)
   (You found it on level 8 of the Dungeon)
 G - a wand of flame (7)
   (You found it on level 9 of the Dungeon)
Scrolls
 b - 2 scrolls of fog
 e - 3 scrolls of enchant weapon
 l - 3 scrolls of amnesia
 r - 2 scrolls of magic mapping
 s - a scroll of summoning {unknown}
 t - 2 scrolls of poison {unknown}
 z - 2 scrolls of blinking
Potions
 d - 2 potions of might
 g - 2 potions of mutation
 h - a potion of haste
 j - a potion of flight
 m - a potion of heal wounds {unknown}
 n - a potion of resistance
 o - a potion of berserk rage {unknown}
 u - a potion of magic {unknown}
 C - a potion of lignification {unknown}
 E - a potion of cancellation {unknown}
 F - a potion of invisibility {unknown}


   Skills:
 - Level 8.0 Fighting
 - Level 4.9(7.3) Short Blades
 + Level 8.3(9.0) Long Blades
 + Level 11.0 Dodging
 - Level 6.6 Stealth
 - Level 5.0 Invocations
 - Level 5.0 Evocations


You had 10 spell levels left.
You didn't know any spells.
Your spell library contained the following spells:

 Spells                   Type           Power      Damage    Failure   Level
 Beastly Appendage        Tmut           0%         N/A       22%         1
 Necrotise                Necr           0%         1d4       22%         1
 Sandblast                Erth           0%         2d4       22%         1
 Cigotuvi's Dreadful Rot  Necr/Pois/Air  0%         N/A       32%         2
 Passwall                 Tmut/Erth      0%         N/A       32%         2
 Poisonous Vapours        Pois/Air       0%         N/A       32%         2
 Call Canine Familiar     Summ           0%         N/A       54%         3
 Mephitic Cloud           Conj/Pois/Air  0%         N/A       54%         3
 Portal Projectile        Hex/Tloc       0%         N/A       54%         3
 Stone Arrow              Conj/Erth      0%         3d7       54%         3
 Summon Guardian Golem    Hex/Summ       0%         N/A       54%         3
 Vampiric Draining        Necr           0%         2d6       54%         3
 Animate Dead             Necr           0%         N/A       91%         4
 Ice Form                 Ice/Tmut       0%         N/A       91%         4
 Leda's Liquefaction      Hex/Erth       0%         N/A       91%         4
 Agony                    Necr           0%         N/A       99%         5
 Haunt                    Necr/Summ      0%         N/A       100%        7
 Infestation              Necr           0%         N/A       100%        8
 Summon Horrible Things   Summ           0%         N/A       100%        8


Dungeon Overview and Level Annotations

Branches:
Dungeon (9/15) Zot: 25261  Temple (1/1) D:4 Zot: 5845
   Lair: D:8-11         Orc: D:9-12

Altars:
Ashenzari
Cheibriados
Dithmenos
Elyvilon
Fedhas
Gozag
Hepliaklqana
Kikubaaqudgha
Makhleb
Nemelex Xobeh
Qazlal
Ru
Sif Muna
Trog
Uskayaw
Vehumet
Xom
Yredelemnul
Zin
The Shining One


Innate Abilities, Weirdness & Mutations

Your life essence is reduced to manifest your ancestor. (-10% HP)
You cannot wear most types of armour.
You are amphibious.
You can wear up to eight rings at the same time.
Your skin changes colour to match your surroundings (Stealth+).
Your rubbery body absorbs attacks. (AC +1, EV +1)
((You are camouflaged when in or above water. (Stealth+)))
You have tentacles for arms and can constrict up to eight enemies at once.


Message History

You constrict the kobold brigand.
The kobold brigand hits you with a +2 dagger of venom.
You are poisoned.
You hit the kobold brigand. You squeeze the kobold brigand.
The kobold brigand is moderately wounded.
You constrict the kobold brigand.
You feel very sick.
The centaur shoots an arrow.
The arrow hits you!
The kobold brigand hits you with a +2 dagger of venom!
You are more poisoned.
The centaur shoots an arrow.
The arrow barely misses you.
You hear a shout!
You are too injured to fight recklessly!
You release your grip on the kobold brigand.
You feel very sick.
Lici closely misses the kobold brigand.
The centaur shoots an arrow.
The arrow barely misses you.
The kobold brigand hits you with a +2 dagger of venom!
You are more poisoned.
You hear a shout!
You are too injured to fight recklessly!
You are too injured to fight recklessly!
You hit the kobold brigand. You grab the kobold brigand.
You squeeze the kobold brigand, but do no damage.
The kobold brigand is moderately wounded.
You constrict the kobold brigand, but do no damage.
You feel very sick.
The centaur shoots an arrow.
The arrow misses you.
Lici hits the kobold brigand with a +0 flail!
The kobold brigand hits you with a +2 dagger of venom!
* * * LOW HITPOINT WARNING * * *
You are more poisoned.
You hear an angry buzzing noise.
You feel better.
You constrict the kobold brigand.
Lici hits the kobold brigand with a +0 flail!
The kobold brigand dies!
The centaur unwields a +0 shortbow.
The centaur hits you. The centaur barely misses you.
A vampire mosquito comes into view.
Training target 9.0 for Long Blades reached!
You need to enable at least one skill for training.
You slash the centaur!
The centaur is severely wounded.
The centaur hits you. The centaur kicks you.
You slash the centaur!
You kill the centaur!
Lici blocks the vampire mosquito's attack.
Lici hits the vampire mosquito with a +0 flail.
Lici blocks the vampire mosquito's attack.
An orc knight comes into view.
It is wielding a +0 long sword and quivering poisoned darts.
Lici closely misses the vampire mosquito.
You hit the vampire mosquito. Your grab misses the vampire mosquito.
You squeeze the vampire mosquito.
The vampire mosquito is moderately damaged.
The vampire mosquito bites you!
* * * LOW HITPOINT WARNING * * *
The vampire mosquito draws strength from your injuries!
Lici completely misses the vampire mosquito.
Unknown command.
You miss the vampire mosquito. Your grab misses the vampire mosquito.
The vampire mosquito is lightly damaged.
The vampire mosquito completely misses you.
The vampire mosquito closely misses you.
A tengu conjurer comes into view.
Lici closely misses the vampire mosquito.
Unknown command.
You completely miss the vampire mosquito.
Your grab misses the vampire mosquito.
Your squeeze misses the vampire mosquito.
The vampire mosquito is lightly damaged.
The vampire mosquito bites you but does no damage.
The vampire mosquito bites you!
* * * LOW HITPOINT WARNING * * *
The vampire mosquito draws strength from your injuries!
Lici barely misses the vampire mosquito.
Unknown command.
The vampire mosquito closely misses you.
Unknown command.
Okay, then.
You feel yourself speed up.
The vampire mosquito closely misses you.
The tengu conjurer mumbles some strange words.
The tengu conjurer blinks!
The vampire mosquito misses you.
Lici hits the vampire mosquito with a +0 flail!
Unknown command.
There is an open door here.
The vampire mosquito completely misses you.
The vampire mosquito attacks as you move away!
The vampire mosquito completely misses you.
The vampire mosquito misses you.
There is an open door here.
The vampire mosquito attacks as you move away!
The vampire mosquito bites you!
* * * LOW HITPOINT WARNING * * *
The vampire mosquito draws strength from your injuries!
You miss the vampire mosquito. Your grab misses the vampire mosquito.
The vampire mosquito is lightly damaged.
The vampire mosquito closely misses you.
The vampire mosquito bites you.
You die...

#...# ###....#...............
##'## #....#............... ..
####'#...............
###...#...............
###.....##########...###
#.......##..#..#.....#..
'...⌠...'...#..#.....#..
#......)#..##.##..######
###....@#.........R.....
###..y#.>.............
####'#...<........... ####
#....#..############. #...
###....#..#....#..#.... ##...##
#......#..#....#..#....
#....)####.o...)#..#...##..#..#.
##..⌠).##).....###.......[.....#.
#.......#.R....#...............#.


You could see a vampire mosquito.

Vanquished Creatures
  A catoblepas (D:9)
  A two-headed ogre (D:8)
  2 cyclopes (D:9)
  An ugly thing (D:9)
  2 hornets (D:9)
  2 yaks (D:9)
  A steam dragon (D:8)
  Eustachio (D:6)
  2 black bears
  An orc warrior (D:8)
  2 centaurs
  3 kobold brigands
  A bullfrog (D:6)
  2 necrophages
  5 wights
  2 hounds
  2 orc priests
  Jessica (D:2)
  2 iguanas
  5 orc wizards
  8 adders
  6 gnolls (D:5)
  2 ufetubi
  A worm (D:6)
  A dart slug (D:3)
  23 orcs
  10 ball pythons
  2 bats
  8 endoplasms
  2 giant cockroaches (D:1)
  9 hobgoblins
  2 jackals (D:1)
  7 quokkas
  4 frilled lizards
  5 goblins
  28 kobolds
  6 rats
  A spectral orc (D:8)
164 creatures vanquished.

Vanquished Creatures (collateral kills)
  A deep elf pyromancer (D:9)
  A guardian serpent (shapeshifter) (D:9)
  Maggie (D:8)
  A slime creature (D:9)
  A wyvern (D:8)
  4 yaks (D:9)
  2 steam dragons
  A water moccasin (D:8)
  2 ice beasts (D:8)
  A black bear (D:5)
  2 orc warriors
  3 kobold brigands
  A bullfrog (D:7)
  2 necrophages
  5 wights
  A killer bee (D:9)
  A howler monkey (D:5)
  2 hounds
  A jelly (D:5)
  2 orc priests
  3 iguanas
  5 orc wizards
  3 gnolls
  6 adders
  2 white imps (D:6)
  A dart slug (D:1)
  14 orcs
  An endoplasm (D:1)
  A giant cockroach (D:4)
  6 hobgoblins
  A quokka (D:4)
  17 kobolds
  A rat (D:3)
96 creatures vanquished.

Vanquished Creatures (others)
  A kobold brigand (D:9)
  5 knights
  An orc (D:9)
7 creatures vanquished.

Grand Total: 267 creatures vanquished

Notes
Turn   | Place    | Note
-------+----------+-------------------------------------------
     0 | D:5      | Flugkiller the Octopode Delver began the quest for the Orb.
     0 | D:5      | Reached XP level 1. HP: 16/16 MP: 1/1
    95 | D:4      | Noticed an orc wizard
   101 | D:4      | Noticed a black bear
   106 | D:4      | Noticed an iguana
   122 | D:3      | Noticed an orc wizard
   124 | D:3      | Reached XP level 2. HP: 21/21 MP: 2/2
   166 | D:4      | Found a staircase to the Ecumenical Temple.
   173 | Temple   | Entered the Ecumenical Temple
   302 | Temple   | Became a worshipper of Hepliaklqana the Forgotten
   335 | D:4      | Reached skill level 3 in Dodging
   335 | D:4      | Reached XP level 3. HP: 21/26 MP: 3/3
   551 | D:1      | Reached skill level 4 in Dodging
   673 | D:1      | Reached XP level 4. HP: 27/31 MP: 4/4
   791 | D:1      | Reached * piety under Hepliaklqana
  1206 | D:1      | Found a faded altar of an unknown god.
  1469 | D:2      | Noticed Jessica
  1473 | D:2      | Killed Jessica
  1474 | D:2      | Reached skill level 5 in Dodging
  1474 | D:2      | Reached XP level 5. HP: 20/32 MP: 5/5
  2385 | D:3      | Reached XP level 6. HP: 32/37 MP: 6/6
  2531 | D:3      | Reached ** piety under Hepliaklqana
  2532 | D:3      | Remembered your ancestor Lici as a knight
  2847 | D:4      | Killed a black bear
  3136 | D:4      | Reached XP level 7. HP: 31/43 MP: 7/7
  3502 | D:5      | Reached skill level 6 in Dodging
  3680 | D:5      | Reached skill level 7 in Dodging
  3680 | D:5      | Reached skill level 1 in Invocations
  3875 | D:5      | Reached XP level 8. HP: 32/48 MP: 8/10
  4075 | D:5      | Found a shimmering altar of Xom.
  4267 | D:5      | Found a hide-covered altar of Uskayaw.
  4338 | D:5      | Found a shadowy altar of Dithmenos.
  4364 | D:5      | Found a sacrificial altar of Ru.
  4371 | D:5      | Reached *** piety under Hepliaklqana
  4611 | D:5      | Found a shimmering altar of Xom.
  4854 | D:5      | Found a shadowy altar of Dithmenos.
  4887 | D:5      | Found a sacrificial altar of Ru.
  4940 | D:5      | Found a hide-covered altar of Uskayaw.
  5306 | D:6      | Reached skill level 5 in Invocations
  5447 | D:6      | Noticed Eustachio
  5454 | D:6      | HP: 2/44 [wight/+3 war axe (4)]
  5811 | D:6      | Killed Eustachio
  5812 | D:6      | Reached skill level 5 in Fighting
  5812 | D:6      | Reached skill level 1 in Long Blades
  5984 | D:5      | Reached XP level 9. HP: 25/50 MP: 10/12
  5992 | D:5      | Reached skill level 8 in Dodging
  6147 | D:6      | Found a snail-covered altar of Cheibriados.
  6877 | D:7      | Reached skill level 9 in Dodging
  7647 | D:8      | Reached skill level 5 in Long Blades
  7783 | D:8      | Reached skill level 1 in Evocations
  7936 | D:8      | Reached XP level 10. HP: 59/59 MP: 13/13
  7964 | D:8      | Reached skill level 10 in Dodging
  8207 | D:8      | Found a broken altar of Ashenzari.
  8552 | D:8      | Noticed Maggie
  8572 | D:8      | Killed Maggie
  8613 | D:8      | Found a basalt altar of Yredelemnul.
  8644 | D:8      | Noticed a two-headed ogre
  8654 | D:8      | Killed a two-headed ogre
  8655 | D:8      | Reached skill level 5 in Evocations
  8826 | D:9      | Noticed a cyan ugly thing
  8850 | D:9      | Killed a cyan ugly thing
  8851 | D:9      | Reached skill level 11 in Dodging
  9109 | D:9      | Noticed a deep elf pyromancer
  9381 | D:9      | Reached **** piety under Hepliaklqana
  9552 | D:9      | Killed a deep elf pyromancer
  9556 | D:9      | Found a blossoming altar of Fedhas.
  9595 | D:9      | Noticed a cyclops
  9607 | D:9      | Killed a cyclops
  9758 | D:9      | Reached XP level 11. HP: 22/66 MP: 5/14
 10313 | D:9      | Noticed a cyclops
 10314 | D:9      | Noticed a catoblepas
 10365 | D:9      | Killed a catoblepas
 10391 | D:9      | Killed a cyclops
 10476 | D:9      | Got the Opusculum on Congregated Transfiguration
 10534 | D:9      | Noticed an orc knight
 10551 | D:9      | Slain by a vampire mosquito

Illustrated notes

Levels and vault maps discovered:
D:1:      ebering_hopf_link, layout_basic, shapermc_ecumenical_altar_mp_vishouse
D:2:      layout_basic, minmay_snake_closets, uniq_jessica
D:3:      layout_loops_cross, st_stairs_5
D:4:      layout_cave_pools, minmay_temple_entry_slanted, st_stairs_6
D:5:      minmay_goblin_kobold_castle, layout_rooms, kennysheep_little_box,
          mainiacjoe_overflow_two_lobes, lemuel_tele_altar
D:6:      layout_rooms, cheibrodos_worm_habitat, nicolae_sextant,
          corexii_item_surrounded_by_moat, hangedman_decor_clover_reticule,
          minmay_misc_feat_hallway, minmay_between, uniq_eustachio
D:7:      layout_basic
D:8:      layout_loops_ring, yredelemnul_forgotten_temple_becter,
          mainiacjoe_overflow_brackets, grunt_ministairs_12, uniq_maggie
D:9:      layout_grid_maze, fedhas_altar_2, minivault_19, eino_tiny_chamber,
          nicolae_rejected_hall
Temple:   nicolae_temple_godzebo

Skill      XL: |  1  2  3  4  5  6  7  8  9 10 11 |
---------------+----------------------------------+-----
Dodging        | 3 4 5 7 9 11 | 11.0
Short Blades   | 4 |  4.9
Fighting       | 4 5 6 8 |  8.0
Invocations    | 3 5 |  5.0
Long Blades    | 2 5 6 8 |  8.3
Evocations     | 3 5 |  5.0
Stealth        | |  6.6

Action                   |  1- 3 |  4- 6 |  7- 9 | 10-12 || total
-------------------------+-------+-------+-------+-------++-------
Melee: Short sword       |    48 |   108 |   132 |       ||   288
       Tentacles         |     8 |    21 |    49 |    21 ||    99
       Constrict         |    12 |    25 |    54 |    10 ||   101
       Punch             |     1 |     1 |     6 |     1 ||     9
       Long sword        |       |       |    58 |    81 ||   139
Throw: Dart              |       |       |     1 |     1 ||     2
Invok: Ancestor Identity |       |     2 |       |       ||     2
       Recall Ancestor   |       |     1 |    10 |     4 ||    15
       Ancestor Life: Kn |       |     1 |       |       ||     1
       Transference      |       |       |     2 |     1 ||     3
Evoke: Wand              |       |       |       |    12 ||    12
  Use: Scroll            |     1 |     4 |     6 |     1 ||    12
       Potion            |       |       |     2 |     3 ||     5
 Stab: Sleeping          |    10 |    27 |    11 |     2 ||    50
       Distracted        |       |     1 |     1 |     2 ||     4
Armor: Skin              |     2 |     3 |    16 |     2 ||    23
Dodge: Dodged            |    12 |    66 |   166 |    90 ||   334

Table legend: (Time is in decaauts)
 A = Elapsed time spent in this place.
 B = Non-inter-level travel time spent in this place.
 C = Inter-level travel time spent in this place.
 D = Time resting spent in this place.
 E = Time spent auto-exploring this place.
 F = Levels seen in this place.
 G = Mean time per level.
                   A        B        C        D        E       F      G
               +--------+--------+--------+--------+--------+-----+--------+
         Total |  10501 |  10228 |    273 |   2352 |   5607 |  10 | 1050.1 |
       Dungeon |  10346 |  10082 |    264 |   2352 |   5533 |   9 | 1149.6 |
        Temple |    154 |    145 |      9 |      0 |     74 |   1 |  154.0 |
               +--------+--------+--------+--------+--------+-----+--------+

Top non-repeatable levels by time:
     D:5: 2262 daAuts
     D:9: 1467 daAuts
     D:8: 1357 daAuts
     D:7: 969 daAuts
     D:6: 943 daAuts
     D:3: 875 daAuts
     D:2: 869 daAuts
     D:1: 804 daAuts
     D:4: 796 daAuts
  Temple: 154 daAuts
